AoeStats
← Tellez_1001

Arabia

505792974Analyzed
2v2 RM · 21d ago on Sep 11, 2026· 59m 28s· 4 players
Game mode
Random Map
Map size
Medium (4 player)
Population
200
Speed
Normal
Resources
Standard
Victory
Conquest
Starting age
Dark Age
Ending age
Imperial Age
RankedLock teamsTeams togetherTeam positionsShared explorationLock speedFull tech treeHidden civsTurbo modeCheats
Victory
Defeat
🇨🇴 Ethiopians · Colombia
1274
+13
🇨🇴 Mongols · Colombia
1118
+20
🇲🇽 Aztecs · Mexico
1232
-18
🇲🇽 Burgundians · Mexico
1172
-15
Nando0215
1:13 Loom
6:29 Loom
9:03 Feudal Age
9:33 Double-Bit Axe
15:31 Gold Mining
16:56 Fletching
21:28 Castle Age
22:24 Thumb Ring
21:40 Crossbowman
22:10 Town Watch
23:00 Wheelbarrow
22:47 Bodkin Arrow
32:09 Scale Barding Armor
32:15 Forging
33:13 Husbandry
33:44 Chain Barding Armor
38:38 Horse Collar
42:30 Fortified Wall
42:17 Murder Holes
47:58 Imperial Age
45:46 Bow Saw
49:05 Ballistics
48:48 Bracer
48:49 Padded Archer Armor
48:11 Arbalester
49:00 Town Patrol
48:59 Light Cavalry
49:44 Stone Mining
50:30 Gold Shaft Mining
50:58 Scale Mail Armor
52:49 Chemistry
53:27 Heavy Plow
56:48 Capped Ram
Tellez_1001
2:21 Loom
5:26 Loom
9:34 Feudal Age
10:29 Double-Bit Axe
23:04 Wheelbarrow
22:15 Town Watch
25:23 Castle Age
25:00 Bloodlines
25:52 Gold Mining
26:33 Scale Barding Armor
27:01 Husbandry
32:16 Thumb Ring
33:27 Chain Barding Armor
35:19 Horse Collar
37:06 Forging
36:57 Scale Mail Armor
41:07 Hand Cart
43:28 Fletching
43:39 Padded Archer Armor
43:40 Light Cavalry
45:45 Bodkin Arrow
45:50 Padded Archer Armor
47:34 Padded Archer Armor
51:30 Imperial Age
50:03 Town Watch
51:23 Leather Archer Armor
51:32 Ballistics
53:27 Chemistry
53:33 Masonry
53:53 Hussar
54:57 Bracer
54:29 Cavalier
55:46 Conscription
56:18 Hoardings
57:42 Iron Casting
57:22 Chain Mail Armor
Philippvs II
4:55 Double-Bit Axe
4:57 Loom
9:17 Feudal Age
8:29 Horse Collar
16:18 Fletching
24:46 Castle Age
24:14 Scale Barding Armor
25:43 Forging
25:33 Light Cavalry
25:38 Cavalier
26:22 Husbandry
27:09 Wheelbarrow
28:22 Iron Casting
33:20 Stone Mining
37:02 Chain Barding Armor
37:20 Squires
37:48 Scale Mail Armor
46:27 Town Watch
53:08 Imperial Age
52:01 Gold Mining
53:37 Bodkin Arrow
55:04 Chemistry
56:00 Paladin
56:12 Elite Skirmisher
60:17 Plate Barding Armor
60:43 Blast Furnace
shospacorrea
2:19 Loom
9:50 Feudal Age
9:51 Man-at-Arms
14:16 Double-Bit Axe
17:57 Wheelbarrow
18:55 Fletching
22:40 Scale Mail Armor
23:01 Forging
23:37 Arson
23:59 Horse Collar
24:34 Town Watch
27:10 Castle Age
27:18 Eagle Warrior
27:59 Squires
28:16 Chain Mail Armor
27:33 Pikeman
29:29 Gambesons
36:17 Elite Skirmisher
37:31 Padded Archer Armor
44:11 Ballistics
49:00 Iron Casting
53:10 Gold Mining
Connection lost

Rejoining the realm…

Still unreachable

The connection could not be restored.

Session expired

The server has moved on; the page needs a fresh start.